AA - U28
MONTGOMERY BISCUITS @ FRISCO ROUGHRIDERS
09/07/2052
 
TOP OF THE 1ST
Quintana Roo Kangas batting - Pitching for Yucatan Matadors : RHP Marco Rodríguez
Pitching: RHP Marco Rodríguez
Batting: SHB Dean Schultz 0-0: Called Strike
0-1: Called Strike
0-2: Ball
1-2: Foul Ball, location: 2F
1-2: Foul Ball, location: 2F
1-2: Ground out 4-3 (Groundball, 4, EV 85.6 MPH)
Batting: RHB Kai Wasilewski 0-0: Called Strike
0-1: Ball
1-1: DOUBLE (Line Drive, 9LS, EV 104.4 MPH)
Batting: RHB Ferdinand Soto 0-0: Ball
1-0: Called Strike
1-1: Called Strike
1-2: Ball
2-2: Fly out, F9 (Flyball, 9, EV 81.3 MPH)
Batting: RHB Yovi Pizana 0-0: Ball
1-0: Called Strike
1-1: Foul Ball, location: 9LSF
1-2: Foul Ball, location: 2F
1-2: Strikes out swinging
Top of the 1st over - 0 runs, 1 hit, 0 errors, 1 left on base; Quintana Roo 0 - Yucatan 0
BOTTOM OF THE 1ST
Yucatan Matadors batting - Pitching for Quintana Roo Kangas : RHP Dave de Burgh
Pitching: RHP Dave de Burgh
Batting: RHB Dave Coleman 0-0: Ground out 1-3 (Groundball, 13S, EV 68.8 MPH)
Batting: SHB E.J. Lunsford 0-0: Called Strike
0-1: Foul Ball, location: 2RF
0-2: Foul Ball, location: 9LDF
0-2: Ball
1-2: Foul Ball, location: 2LF
1-2: Fly out, F8 (Flyball, 8RS, EV 84.4 MPH)
Batting: LHB Galtero De La Cruz 0-0: Ball
1-0: Called Strike
1-1: SINGLE (Line Drive, 9S, EV 104.4 MPH)
Batting: LHB Kevin Schram 0-0: Ball
1-0: Foul Ball, location: 23FF
1-1: Fly out, F6 (Popup, 6M, EV 73.1 MPH)
Bottom of the 1st over - 0 runs, 1 hit, 0 errors, 1 left on base; Quintana Roo 0 - Yucatan 0
TOP OF THE 2ND
Quintana Roo Kangas batting - Pitching for Yucatan Matadors : RHP Marco Rodríguez
Batting: LHB Whit Windt 0-0: Ball
1-0: Foul Ball, location: 2F
1-1: Swinging Strike
1-2: Foul Ball, location: 3SF
1-2: Ball
2-2: Strikes out swinging
Batting: RHB Jeh Izambard 0-0: Called Strike
0-1: Fly out, F5 (Popup, 56S, EV 85.6 MPH)
Batting: RHB Scotty Dang 0-0: Foul Ball, location: 5F
0-1: Ground out 6-3 (Groundball, 6, EV 88.1 MPH)
Top of the 2nd over - 0 runs, 0 hits, 0 errors, 0 left on base; Quintana Roo 0 - Yucatan 0
BOTTOM OF THE 2ND
Yucatan Matadors batting - Pitching for Quintana Roo Kangas : RHP Dave de Burgh
Batting: RHB Sandro Cordero 0-0: Called Strike
0-1: Ball
1-1: Called Strike
1-2: Ball
2-2: Ball
3-2: Ground out U3 (Groundball, 34, EV 98.1 MPH)
Batting: RHB Nathan Stark 0-0: Foul Ball, location: 9LSF
0-1: SINGLE (Groundball, 5S, EV 66.9 MPH) (infield hit)
Batting: RHB Rollin Mecca 0-0: Called Strike
0-1: Ball
1-1: Fielders Choice at 2nd, 6-4 (Groundball, 6, EV 83.1 MPH)
Batting: RHB Jesús Muñoz 0-0: Called Strike
0-1: Called Strike
0-2: Fly out, F9 (Flyball, 89M, EV 90.0 MPH)
Bottom of the 2nd over - 0 runs, 1 hit, 0 errors, 1 left on base; Quintana Roo 0 - Yucatan 0
TOP OF THE 3RD
Quintana Roo Kangas batting - Pitching for Yucatan Matadors : RHP Marco Rodríguez
Batting: SHB Vlad Velarde 0-0: Fly out, F8 (Flyball, 89M, EV 89.4 MPH)
Batting: SHB Carl Thomas 0-0: Ball
1-0: Called Strike
1-1: Foul Ball, location: 7LDF
1-2: DOUBLE (Flyball, 8RXD, EV 86.9 MPH)
Batting: SHB Dean Schultz 0-0: Ball
1-0: Ground out U3 (Groundball, 3, EV 89.4 MPH)
Carl Thomas to third
Batting: RHB Kai Wasilewski 0-0: Called Strike
0-1: Ball
1-1: Ball
2-1: Ground out 4-3 (Groundball, 34D, EV 107.5 MPH)
Top of the 3rd over - 0 runs, 1 hit, 0 errors, 1 left on base; Quintana Roo 0 - Yucatan 0
BOTTOM OF THE 3RD
Yucatan Matadors batting - Pitching for Quintana Roo Kangas : RHP Dave de Burgh
Batting: RHB Barret Lanning 0-0: Ball
1-0: SINGLE (Groundball, 34, EV 98.1 MPH)
Batting: RHB Dave Coleman 0-0: Foul Ball, location: 2F
0-1: Bunt - Flyout to 13! F1
Batting: SHB E.J. Lunsford 0-0: Grounds into double play, 6-4-3 (Groundball, 6, EV 80.6 MPH)
Bottom of the 3rd over - 0 runs, 1 hit, 0 errors, 0 left on base; Quintana Roo 0 - Yucatan 0
TOP OF THE 4TH
Quintana Roo Kangas batting - Pitching for Yucatan Matadors : RHP Marco Rodríguez
Batting: RHB Ferdinand Soto 0-0: Ball
1-0: Called Strike
1-1: Ball
2-1: Fly out, F9 (Flyball, 9S, EV 83.8 MPH)
Batting: RHB Yovi Pizana 0-0: Ball
1-0: Ball
2-0: Foul Ball, location: 5FF
2-1: Ball
3-1: SOLO HOME RUN (Flyball, 89XD, EV 111.3 MPH), Distance : 428 ft
Batting: LHB Whit Windt 0-0: Ball
1-0: Called Strike
1-1: Called Strike
1-2: SINGLE (Line Drive, 89S, EV 104.4 MPH)
Batting: RHB Jeh Izambard 0-0: Ball
1-0: DOUBLE (Groundball, 5L, EV 97.5 MPH)
Whit Windt to third
Runner from 3rd tries for Home, SAFE, throw by LF to home
Batting: RHB Scotty Dang 0-0: Called Strike
0-1: Called Strike
0-2: Ball
1-2: Fly out, F2 (Popup, 23F, EV 87.5 MPH)
Batting: SHB Vlad Velarde 0-0: Ball
1-0: Ball
2-0: Ground out 4-3 (Groundball, 4S, EV 84.4 MPH)
Top of the 4th over - 2 runs, 3 hits, 0 errors, 1 left on base; Quintana Roo 2 - Yucatan 0
BOTTOM OF THE 4TH
Yucatan Matadors batting - Pitching for Quintana Roo Kangas : RHP Dave de Burgh
Batting: LHB Galtero De La Cruz 0-0: Ball
1-0: Ball
2-0: Ball
3-0: Base on Balls
Batting: LHB Kevin Schram 0-0: Fielders Choice at 2nd, 4-6 (Groundball, 4M, EV 86.9 MPH)
Batting: RHB Sandro Cordero 0-0: Ball
Kevin Schram steals 2nd base
1-0: Ground out 2-3 (Groundball, 15S, EV 69.4 MPH)
Batting: RHB Nathan Stark 0-0: Reached on error, E4 (Groundball, 4, EV 82.5 MPH)
Kevin Schram scores
Batting: RHB Rollin Mecca 0-0: SINGLE (Groundball, 4D, EV 105.0 MPH) (infield hit)
Nathan Stark to third
Batting: RHB Jesús Muñoz 0-0: Ball
1-0: Foul Ball, location: 2F
1-1: Fly out, F8 (Flyball, 8LM, EV 81.9 MPH)
Bottom of the 4th over - 1 run, 1 hit, 1 error, 2 left on base; Quintana Roo 2 - Yucatan 1
TOP OF THE 5TH
Quintana Roo Kangas batting - Pitching for Yucatan Matadors : RHP Marco Rodríguez
Batting: SHB Carl Thomas 0-0: Ball
1-0: Ball
2-0: Ball
3-0: Called Strike
3-1: Foul Ball, location: 23FF
3-2: Strikes out swinging
Batting: SHB Dean Schultz 0-0: SINGLE (Groundball, 4M, EV 98.8 MPH) (infield hit)
Batting: RHB Kai Wasilewski 0-0: Foul Ball, location: 2F
0-1: Ball
1-1: Fly out, F2 (Popup, 15S, EV 85.6 MPH)
Batting: RHB Ferdinand Soto 0-0: Ball
1-0: Called Strike
1-1: Fielders Choice at 2nd, 6-4 (Groundball, 6, EV 78.8 MPH)
Top of the 5th over - 0 runs, 1 hit, 0 errors, 1 left on base; Quintana Roo 2 - Yucatan 1
BOTTOM OF THE 5TH
Yucatan Matadors batting - Pitching for Quintana Roo Kangas : RHP Dave de Burgh
Batting: RHB Barret Lanning 0-0: TRIPLE (Flyball, 89XD, EV 109.4 MPH)
Batting: RHB Dave Coleman 0-0: Ball
1-0: Called Strike
1-1: Foul Ball, location: 3DF
1-2: Fly out, F7 (Line Drive, 7D, EV 91.3 MPH)
Runner from 3rd tags up, SCORES, no throw by LF
Batting: SHB E.J. Lunsford 0-0: Swinging Strike
0-1: Ball
1-1: SOLO HOME RUN (Flyball, 7D, EV 98.8 MPH), Distance : 383 ft
Batting: LHB Galtero De La Cruz 0-0: Swinging Strike
0-1: Ball
1-1: Ground out 6-3 (Groundball, 6MS, EV 82.5 MPH)
Batting: LHB Kevin Schram 0-0: Called Strike
0-1: Ball
1-1: Ball
2-1: Ball
3-1: Base on Balls
Batting: RHB Sandro Cordero 0-0: Ball
1-0: Called Strike
1-1: SINGLE (Groundball, 6MD, EV 94.4 MPH)
Kevin Schram to second
Runner from 2nd tries for 3rd, SAFE, throw by CF made to third
Batting: RHB Nathan Stark 0-0: Ball
1-0: Called Strike
1-1: Ball
2-1: Ball
3-1: Foul Ball, location: 25F
3-2: Foul Ball, location: 2F
3-2: Ground out 4-3 (Groundball, 4S, EV 80.6 MPH)
Bottom of the 5th over - 2 runs, 3 hits, 0 errors, 2 left on base; Quintana Roo 2 - Yucatan 3
TOP OF THE 6TH
Quintana Roo Kangas batting - Pitching for Yucatan Matadors : RHP Marco Rodríguez
Batting: RHB Yovi Pizana 0-0: Ball
1-0: Fly out, F9 (Flyball, 89S, EV 92.5 MPH)
Batting: LHB Whit Windt 0-0: Called Strike
0-1: Ball
1-1: Called Strike
1-2: Ball
2-2: Strikes out swinging
Batting: RHB Jeh Izambard 0-0: Ball
1-0: Ball
2-0: Fly out, F8 (Flyball, 8RM, EV 93.8 MPH)
Top of the 6th over - 0 runs, 0 hits, 0 errors, 0 left on base; Quintana Roo 2 - Yucatan 3
BOTTOM OF THE 6TH
Yucatan Matadors batting - Pitching for Quintana Roo Kangas : RHP Dave de Burgh
Batting: RHB Rollin Mecca 0-0: Called Strike
0-1: Ball
1-1: Ball
2-1: Swinging Strike
2-2: Strikes out swinging
Batting: RHB Jesús Muñoz 0-0: Ball
1-0: Foul Ball, location: 25F
1-1: Foul Ball, location: 9LDF
1-2: Foul Ball, location: 25F
1-2: SINGLE (Line Drive, 7S, EV 101.9 MPH)
Batting: RHB Barret Lanning 0-0: Grounds into double play, 6-4-3 (Groundball, 6, EV 90.0 MPH)
Bottom of the 6th over - 0 runs, 1 hit, 0 errors, 0 left on base; Quintana Roo 2 - Yucatan 3
TOP OF THE 7TH
Quintana Roo Kangas batting - Pitching for Yucatan Matadors : RHP Marco Rodríguez
Batting: RHB Scotty Dang 0-0: Called Strike
0-1: Ball
1-1: Foul Ball, location: 9LDF
1-2: SINGLE (Groundball, 5D, EV 97.5 MPH)
Batting: SHB Vlad Velarde 0-0: Foul Ball, location: 2F
0-1: Ball
1-1: Foul Ball, location: 7LMFF
1-2: Foul Ball, location: 7LDF
1-2: Ground out U3 (Groundball, 3, EV 80.0 MPH)
Scotty Dang to second
Batting: SHB Carl Thomas 0-0: Swinging Strike
0-1: Ball
1-1: Ball
2-1: Ground out 4-3 (Groundball, 4MS, EV 89.4 MPH)
Batting: SHB Dean Schultz 0-0: Ground out 4-3 (Groundball, 4, EV 83.1 MPH)
Top of the 7th over - 0 runs, 1 hit, 0 errors, 1 left on base; Quintana Roo 2 - Yucatan 3
BOTTOM OF THE 7TH
Yucatan Matadors batting - Pitching for Quintana Roo Kangas : RHP Dave de Burgh
Batting: RHB Dave Coleman 0-0: Foul Ball, location: 2F
0-1: Ball
1-1: Ball
2-1: Swinging Strike
2-2: Strikes out looking
Batting: SHB E.J. Lunsford 0-0: Called Strike
0-1: Swinging Strike
0-2: Ball
1-2: Ball
2-2: Strikes out swinging
Batting: LHB Galtero De La Cruz 0-0: Ball
1-0: Called Strike
1-1: Foul Ball, location: 2F
1-2: Ball
2-2: Foul Ball, location: 5DF
2-2: Ground out U3 (Groundball, 3S, EV 65.0 MPH)
Bottom of the 7th over - 0 runs, 0 hits, 0 errors, 0 left on base; Quintana Roo 2 - Yucatan 3
TOP OF THE 8TH
Quintana Roo Kangas batting - Pitching for Yucatan Matadors : RHP Marco Rodríguez
Batting: RHB Kai Wasilewski 0-0: Ball
1-0: Ball
2-0: Called Strike
2-1: Foul Ball, location: 7LSF
2-2: Foul Ball, location: 7LMF
2-2: Ground out 4-3 (Groundball, 4, EV 91.3 MPH)
Pitching: RHP William Muha
Batting: RHB Ferdinand Soto 0-0: Ball
1-0: Foul Ball, location: 2F
1-1: Swinging Strike
1-2: Ball
2-2: Ball
3-2: SOLO HOME RUN (Flyball, 8RXD, EV 111.3 MPH), Distance : 454 ft
Batting: RHB Yovi Pizana 0-0: Ball
1-0: Ball
2-0: Ball
3-0: Called Strike
3-1: Base on Balls
Batting: LHB Whit Windt 0-0: Foul Ball, location: 3F
0-1: Ball
1-1: Foul Ball, location: 2F
1-2: Fly out, F7 (Flyball, 78S, EV 78.8 MPH)
Batting: RHB Jeh Izambard 0-0: Ball
1-0: Called Strike
1-1: Fly out, F3 (Popup, 3SF, EV 85.0 MPH)
Top of the 8th over - 1 run, 1 hit, 0 errors, 1 left on base; Quintana Roo 3 - Yucatan 3
BOTTOM OF THE 8TH
Yucatan Matadors batting - Pitching for Quintana Roo Kangas : RHP Dave de Burgh
Batting: LHB Kevin Schram 0-0: Foul Ball, location: 9LMF
0-1: Ball
1-1: Fly out, F8 (Flyball, 8LM, EV 78.1 MPH)
Pinch Hitting: LHB Randy Webber 0-0: Called Strike
0-1: Ball
1-1: SINGLE (Flyball, 8LS, EV 97.5 MPH)
Batting: RHB Nathan Stark 0-0: Ball
1-0: Foul Ball, location: 9LSF
1-1: Fly out, F7 (Flyball, 7LM, EV 91.9 MPH)
Batting: RHB Rollin Mecca 0-0: Foul Ball, location: 5DF
0-1: Ball
1-1: Ball
2-1: Ball
3-1: Foul Ball, location: 3F
3-2: Base on Balls
Randy Webber to second
Pitching: RHP Charlie Beseda
Batting: RHB Jesús Muñoz 0-0: Called Strike
0-1: Foul Ball, location: 9LSF
0-2: Foul Ball, location: 9LSF
0-2: Ball
1-2: Ball
2-2: Fielders Choice at 2nd, 5-4 (Groundball, 56, EV 109.4 MPH)
Bottom of the 8th over - 0 runs, 1 hit, 0 errors, 2 left on base; Quintana Roo 3 - Yucatan 3
TOP OF THE 9TH
Quintana Roo Kangas batting - Pitching for Yucatan Matadors : RHP William Muha
Pitching: RHP Cam Resman
Now at 3B: Ethan Werle
Batting: RHB Scotty Dang 0-0: Ball
1-0: Foul Ball, location: 9LDF
1-1: Ball
2-1: Ball
3-1: Swinging Strike
3-2: Base on Balls
Batting: SHB Vlad Velarde 0-0: Ground out U3 (Groundball, 34S, EV 79.4 MPH)
Scotty Dang to second
Batting: SHB Carl Thomas 0-0: Ground out 4-3 (Groundball, 4, EV 92.5 MPH)
Scotty Dang to third
Batting: SHB Dean Schultz 0-0: Swinging Strike
0-1: Ball
1-1: Foul Ball, location: 7LMF
1-2: Foul Ball, location: 2F
1-2: Foul Ball, location: 3F
1-2: Foul Ball, location: 2F
1-2: Fly out, F8 (Flyball, 8LXD, EV 92.5 MPH)
Top of the 9th over - 0 runs, 0 hits, 0 errors, 1 left on base; Quintana Roo 3 - Yucatan 3
BOTTOM OF THE 9TH
Yucatan Matadors batting - Pitching for Quintana Roo Kangas : RHP Charlie Beseda
Batting: RHB Barret Lanning 0-0: Ball
1-0: Ball
2-0: Ball
3-0: Base on Balls
Pinch Hitting: SHB Andre Parra 0-0: Swinging Strike
0-1: Ball
1-1: Ball
2-1: Ball
3-1: Sac Bunt to 3S - play at first, batter OUT! 3-1
Barret Lanning to second
Batting: SHB E.J. Lunsford 0-0: Ball
1-0: Foul Ball, location: 2F
1-1: Fly out, F9 (Flyball, 9LS, EV 89.4 MPH)
Batting: LHB Galtero De La Cruz 0-0: Called Strike
0-1: Swinging Strike
0-2: Ball
1-2: Strikes out looking
Bottom of the 9th over - 0 runs, 0 hits, 0 errors, 1 left on base; Quintana Roo 3 - Yucatan 3
TOP OF THE 10TH
Quintana Roo Kangas batting - Pitching for Yucatan Matadors : RHP Cam Resman
Dean Schultz starts the inning at 2nd base.
Now in CF: Aitor Valdivia
Batting: RHB Kai Wasilewski 0-0: Ball
1-0: Swinging Strike
1-1: Ball
2-1: Foul Ball, location: 2F
2-2: Foul Ball, location: 25F
2-2: Ground out 1-3 (Groundball, 13S, EV 76.3 MPH)
Dean Schultz to third
Batting: RHB Ferdinand Soto 0-0: Ball
1-0: Called Strike
1-1: SINGLE (Groundball, 4MD, EV 99.4 MPH)
Dean Schultz scores
Batting: RHB Yovi Pizana 0-0: Foul Ball, location: 23FF
0-1: Foul Ball, location: 3DF
0-2: Ball
1-2: Fly out, F3 (Popup, 34S, EV 76.9 MPH)
Batting: LHB Whit Windt 0-0: Called Strike
0-1: Ball
1-1: Reached on error, E5 (Groundball, 56, EV 83.8 MPH)
Ferdinand Soto to second
Batting: RHB Jeh Izambard 0-0: Called Strike
0-1: Ball
1-1: Called Strike
1-2: Fly out, F9 (Flyball, 9S, EV 75.6 MPH)
Top of the 10th over - 1 run, 1 hit, 1 error, 2 left on base; Quintana Roo 4 - Yucatan 3
BOTTOM OF THE 10TH
Yucatan Matadors batting - Pitching for Quintana Roo Kangas : RHP Charlie Beseda
Galtero De La Cruz starts the inning at 2nd base.
Pitching: RHP Parker Koster
Now at 1B: Ferdinand Soto
Now at 2B: Vlad Velarde
Now at 3B: Johnny Febus
Now at SS: Dean Schultz
Now in LF: Carl Thomas
Batting: LHB Kevin Schram 0-0: Ball
1-0: Ball
2-0: Ball
3-0: Base on Balls
Pinch Hitting: RHB Rod Ternes 0-0: Ball
1-0: Ball
2-0: Called Strike
2-1: Swinging Strike
2-2: Ball
3-2: Ground out 6-3 (Groundball, 6M, EV 100.6 MPH)
Galtero De La Cruz to third
Kevin Schram to second
Batting: RHB Nathan Stark 0-0: Ball
1-0: Ball
2-0: Ball
3-0: Called Strike
3-1: Fielders Choice attempt at home, Runner SAFE. 6-2 (Groundball, 6, EV 88.8 MPH)
Kevin Schram to third
Batting: RHB Rollin Mecca 0-0: Fielders Choice at home, 6-2 (Groundball, 6, EV 94.4 MPH)
Nathan Stark to second
Batting: RHB Jesús Muñoz 0-0: Ball
1-0: Ball
2-0: Called Strike
2-1: Fly out, F7 (Flyball, 7LSF, EV 101.9 MPH)
Bottom of the 10th over - 1 run, 0 hits, 0 errors, 2 left on base; Quintana Roo 4 - Yucatan 4
TOP OF THE 11TH
Quintana Roo Kangas batting - Pitching for Yucatan Matadors : RHP Cam Resman
Jeh Izambard starts the inning at 2nd base.
Now at 3B: Rod Ternes
Batting: RHB Scotty Dang 0-0: Swinging Strike
0-1: Foul Ball, location: 7LSF
0-2: Foul Ball, location: 7LMF
0-2: Ball
1-2: Ground out 6-3 (Groundball, 6MD, EV 100.0 MPH)
Jeh Izambard to third
Batting: SHB Vlad Velarde 0-0: Called Strike
0-1: Ball
1-1: Squeeze Bunt to 13S - play home, runner scores, batter safe!
Jeh Izambard scores
Batting: SHB Carl Thomas 0-0: Ball
1-0: Called Strike
1-1: Foul Ball, location: 2F
1-2: Grounds into double play, 4-6-3 (Groundball, 4, EV 98.8 MPH)
Top of the 11th over - 1 run, 0 hits, 0 errors, 0 left on base; Quintana Roo 5 - Yucatan 4
BOTTOM OF THE 11TH
Yucatan Matadors batting - Pitching for Quintana Roo Kangas : RHP Parker Koster
Jesús Muñoz starts the inning at 2nd base.
Batting: RHB Barret Lanning 0-0: Ball
1-0: Foul Ball, location: 2F
1-1: Ball
2-1: Ball
3-1: Bunted foul
3-2: Base on Balls
Pitching: LHP Ralph Gatton
Batting: RHB Aitor Valdivia 0-0: Foul Ball, location: 5FF
0-1: Ball
1-1: Called Strike
1-2: Ball
2-2: Foul Ball, location: 2F
2-2: Ball
3-2: Foul Ball, location: 2F
3-2: Foul Ball, location: 2F
3-2: Grounds into double play, 6-4-3 (Groundball, 6, EV 90.6 MPH)
Jesús Muñoz to third
Batting: SHB E.J. Lunsford 0-0: Swinging Strike
0-1: Foul Ball, location: 9LSF
0-2: Strikes out looking
Bottom of the 11th over - 0 runs, 0 hits, 0 errors, 1 left on base; Quintana Roo 5 - Yucatan 4
Monday, May 6th , 2024 - OOTP Baseball 24.11 Build 85